 Dungeon Crawl Stone Soup version 0.29.1 (webtiles) character file.

Game seed: 9591198652625252854

6 Icepheonix32 the Caller (level 1, 0/13 HPs)
             Began as a Merfolk Summoner on Sept 13, 2022.
             Slain by a hobgoblin (5 damage)
             ... on level 1 of the Dungeon.
             The game lasted 00:00:30 (323 turns).

Icepheonix32 the Caller (Merfolk Summoner)           Turns: 323, Time: 00:00:31

Health: 0/13       AC:  2    Str:  8    XL:     1   Next: 90%
Magic:  2/3        EV: 16    Int: 14    God:
Gold:   0          SH:  0    Dex: 14    Spells: 3/4 levels left

rFire   . . .      SeeInvis .   f - +0 club
rCold   . . .      Faith    .   (no shield)
rNeg    . . .      Spirit   .   a - +0 robe
rPois   .          Reflect  .   (no helmet)
rElec   .          Harm     .   (no cloak)
rCorr   .          Rampage  .   (no gloves)
Will    .....                   (no boots)
Stlth   ++........              (no amulet)
HPRegen 0.04/turn               c - +4 ring of evasion
MPRegen 0.08/turn               (no ring)

@: no status effects
A: (nimble swimmer 2), mertail
a: no special abilities


You were on level 1 of the Dungeon.
You visited 1 branch of the dungeon, and saw 1 of its levels.

Inventory:

Hand Weapons
 f - a +0 club (weapon)
Armour
 a - a +0 robe (worn)
Jewellery
 c - a +4 ring of evasion (left hand)
Scrolls
 e - a scroll of teleportation {unknown}
Potions
 b - a potion of magic
 d - a potion of haste {unknown}


   Skills:
 - Level 2.6 Dodging
 - Level 2.1 Stealth
 - Level 2.0 Spellcasting
 + Level 4.3 Summonings


You had 3 spell levels left.
You knew the following spells:

 Your Spells              Type           Power      Damage    Failure   Level
a - Summon Small Mammal   Summ           52%        N/A       4%          1

Your spell library contained the following spells:

 Spells                   Type           Power      Damage    Failure   Level
 Call Imp                 Summ           13%        N/A       6%          2
 Call Canine Familiar     Summ           13%        N/A       12%         3
 Summon Guardian Golem    Hex/Summ       7%         N/A       28%         3
 Summon Lightning Spire   Summ/Air       7%         N/A       67%         4


Dungeon Overview and Level Annotations

Branches:
Dungeon (1/15)

Altars:


Innate Abilities, Weirdness & Mutations

((You are very nimble when in or above water. (Stealth+, EV+, Speed+++)))
Your lower body shifts to a powerful aquatic tail in water.


Message History

a +0 club; a goblin corpse
f - a +0 club
f - a +0 club (weapon)
c - a +4 ring of evasion (left hand)
Your bat disappears in a puff of smoke!
You see here a hobgoblin skeleton.
Found a stone staircase leading down.
A hobgoblin comes into view.
A hobgoblin is nearby!
The hobgoblin hits you.
You hit the hobgoblin.
The hobgoblin is moderately wounded.
The hobgoblin barely misses you.
You closely miss the hobgoblin.
The hobgoblin is moderately wounded.
The hobgoblin hits you.
You hit the hobgoblin.
The hobgoblin is almost dead.
The hobgoblin barely misses you.
You hit the hobgoblin but do no damage.
The hobgoblin is almost dead.
The hobgoblin hits you but does no damage.
The hobgoblin closely misses you.
You hit the hobgoblin but do no damage.
The hobgoblin is almost dead.
The hobgoblin hits you.
Casting: Summon Small Mammal (safe; 4% risk of failure)
Confirm with . or Enter, or press ? or * to list all spells.
The hobgoblin misses you.
You are too injured to fight recklessly!
You are too injured to fight recklessly!
You completely miss the hobgoblin.
The hobgoblin is severely wounded.
Your bat hits the hobgoblin but does no damage.
The hobgoblin hits you but does no damage.
You barely miss the hobgoblin.
The hobgoblin is severely wounded.
Your bat closely misses the hobgoblin.
The hobgoblin completely misses you. The hobgoblin hits you.
You die...

# .# ######.#
####....g.#
.....>.@#
####..#b###
###.#..#...#
#.......##.#
##.......##.#
.........##.#
#.......##.#
#.......#.#
#.......#รท#


You could see a hobgoblin (ally target) and a friendly bat (summoned).

Vanquished Creatures
  A giant cockroach (D:1)
  A goblin (D:1)
2 creatures vanquished.

Vanquished Creatures (collateral kills)
  An endoplasm (D:1)
  A hobgoblin (D:1)
  A frilled lizard (D:1)
  A rat (D:1)
4 creatures vanquished.

Grand Total: 6 creatures vanquished

Notes
Turn   | Place    | Note
-------+----------+-------------------------------------------
     0 | D:1      | Icepheonix32 the Merfolk Summoner began the quest for the
                  | Orb.
     0 | D:1      | Reached XP level 1. HP: 13/13 MP: 3/3
   323 | D:1      | Slain by a hobgoblin

Illustrated notes

Levels and vault maps discovered:
D:1:      roderic_octagonal_star, layout_basic, minmay_misc_feat_x,
          minmay_tetromino_i2

Action                   || total
-------------------------++-------
Melee: Unarmed           ||    27
       Club              ||     7
 Cast: Summon Small Mamm ||     4
Armor: Robe              ||     6
Dodge: Dodged            ||    28
